 Dungeon Crawl Stone Soup version 0.22-b1-26-g9dbaab1 (webtiles) character file.

40654 MTVSty1e the Severer (level 14, 0/198 HPs)
             Began as a Gargoyle Fighter on Aug 8, 2018.
             Was the Champion of Okawaru.
             Killed from afar by a green death (9 damage)
             ... with a poison arrow
             ... on level 4 of the Abyss.
             The game lasted 00:32:23 (17649 turns).

MTVSty1e the Severer (Gargoyle Fighter)            Turns: 17649, Time: 00:32:25

Health: 0/198      AC: 35    Str: 31    XL:     14   Next: 11%
Magic:  14/14      EV:  2    Int:  8    God:    Okawaru [******]
Gold:   1192       SH:  0    Dex:  9    Spells: 13/13 levels left

rFire    . . .     SeeInvis .   T - +3 broad axe (chop)
rCold    + . .     Gourm    .   c - +0 shield
rNeg     + + +     Faith    .   (armour currently unavailable)
rPois    ∞         Spirit   .   (helmet currently unavailable)
rElec    .         Reflect  +   (cloak currently unavailable)
rCorr    .         Harm     .   (gloves currently unavailable)
MR       +....     NoTele   +   (boots currently unavailable)
Stlth    ..........             v - +6 amulet of reflection
HPRegen  0.43/turn              F - ring of protection from cold
MPRegen  0.14/turn              w - ring of Robustness {AC+8}

@: confused, berserking, tree-form, very slightly contaminated, invisible, very
quick
A: negative energy resistance 1, petrification resistance, rot immunity, AC +10
a: Heroism, Finesse, Renounce Religion


You were on level 4 of the Abyss.
You worshipped Okawaru.
Okawaru was exalted by your worship.
You were not hungry.
You were a tree.
You visited 3 branches of the dungeon, and saw 18 of its levels.
You visited the Abyss 1 time.
You also visited: Ice Cave and Volcano.

You collected 1192 gold pieces.

Inventory:

Hand Weapons
 O - a +3 scimitar of flaming
 P - a +3 antimagic executioner's axe
 T - a +3 broad axe of chopping (weapon)
Armour
 c - a +0 shield (worn)
 m - a +1 helmet of intelligence (melded)
 q - a +5 plate armour (melded)
 s - a +0 cloak (melded)
 D - a +0 pair of gloves (melded)
Jewellery
 v - a +6 amulet of reflection (around neck)
 w - the ring of Robustness (right branch) {AC+8}
   (You found it on level 6 of the Dungeon)

   [ring of protection]

   It affects your AC (+8).
 F - a ring of protection from cold (left branch)
 I - an uncursed ring of positive energy
Wands
 i - a wand of paralysis (12)
 n - a wand of disintegration (7)
 u - a wand of polymorph (16)
 C - a wand of random effects (33)
 E - a wand of iceblast (37)
 G - a wand of digging (29)
 H - a wand of flame (38)
 S - a wand of scattershot (8)
Scrolls
 g - 7 scrolls of enchant armour
 j - 2 scrolls of teleportation
 k - 5 scrolls of identify
 l - 5 scrolls of immolation
 p - a scroll of silence
 r - 5 scrolls of enchant weapon
 y - a scroll of fog
 A - a scroll of summoning {unknown}
 K - 5 scrolls of remove curse
 N - 3 scrolls of amnesia
 U - a scroll of fear
Potions
 b - a potion of lignification
 d - 5 potions of might
 e - 2 potions of cancellation
 t - 6 potions of curing
 x - a potion of haste
 z - 2 potions of agility
 B - a potion of resistance
 M - 2 potions of magic {unknown}
 R - a potion of brilliance {unknown}
 W - 3 potions of mutation {unknown}
 X - 2 potions of flight {unknown}
Comestibles
 f - 23 rations


   Skills:
 + Level 10.7 Fighting
 * Level 15.7 Axes
 + Level 10.8 Armour
 + Level 5.8 Dodging
 - Level 7.6 Shields


You had 13 spell levels left.
You didn't know any spells.
Your spell library contained the following spells:

 Spells                   Type           Power        Failure   Level  Hunger
 Mephitic Cloud           Conj/Pois/Air  #.......     97%         3    ####...
 Venom Bolt               Conj/Pois      #.........   100%        5    ######.
 Olgreb's Toxic Radiance  Pois           #.......     100%        4    #####..
 Regeneration             Chrm/Necr      #.........   97%         3    ####...
 Sting                    Conj/Pois      #...         73%         1    ##.....
 Stone Arrow              Conj/Erth      #.....       97%         3    ####...
 Passwall                 Tmut/Erth      #.......     86%         2    ###....
 Lee's Rapid Deconstruct  Erth           #.........   100%        5    ######.
 Sandblast                Erth           #.....       73%         1    ##.....
 Petrify                  Tmut/Erth      #.......     100%        4    #####..
 Shroud of Golubria       Chrm/Tloc      #.........   86%         2    ###....
 Infusion                 Chrm           #...         73%         1    ##.....
 Song of Slaying          Chrm           #.......     86%         2    ###....
 Spectral Weapon          Hex/Chrm       #.......     97%         3    ####...
 Poisonous Vapours        Pois/Air       #.....       86%         2    ###....


Dungeon Overview and Level Annotations

Branches:
Dungeon (11/15)            Temple (1/1) D:4            Lair (6/6) D:9
 Shoals (0/4) Lair:3        Snake (0/4) Lair:2        Slime (0/5) Lair:5
    Orc (0/2) D:10

Altars:
Ashenzari
Cheibriados
Dithmenos
Elyvilon
Fedhas
Gozag
Hepliaklqana
Kikubaaqudgha
Makhleb
Nemelex Xobeh
Okawaru
Qazlal
Ru
Sif Muna
Trog
Uskayaw
Vehumet
Wu Jian
Xom
Yredelemnul
Zin
The Shining One
Jiyva

Annotations:
D:6 2 transporters
Lair:5 1 runed door


Innate Abilities, Weirdness & Mutations

You are resistant to torment.
((Your stone body is resilient. (AC +10)))
You are immune to poison.
((Your large and strong wings let you fly indefinitely.))
You resist negative energy. (rN+)
((You are resistant to electric shocks. (rElec)))
((You can survive without breathing.))
You are immune to petrification.
You are immune to rotting.


Message History

You are too injured to fight recklessly!
You are too injured to fight recklessly!
You are too injured to fight recklessly!
You are too injured to fight recklessly!
You are too injured to fight recklessly!
You are too injured to fight recklessly!
You are too injured to fight recklessly!
You are too injured to fight recklessly!
You are too injured to fight recklessly!
You are too injured to fight recklessly!
There are monsters nearby!
You cannot move. (Use ctrl+direction to attack without moving.)
You cannot move. (Use ctrl+direction to attack without moving.)
You feel a strong urge to attack something.
The starcursed mass engulfs you but does no damage.
The starcursed mass engulfs you!
* * * LOW HITPOINT WARNING * * *
The green death gestures at you. The poison arrow hits you!
You partially resist.
You die...

........# . ##
...## # . # #.
######... . #
#. . #...#...
..# .#.
.#.##.(.#.....
. .. ..#... .
... #...#..
..#'''#†. .
.###
##.....##### .
# +....X'.vv#
+..8XX♣X(.#
+..v.2Xv.v#
#....X#####
...#+++#. ..#
X.. # 4X . ...


You could see 6 starcursed masses, a green death and 5 spatial vortices.

Vanquished Creatures
  A tentacled starspawn (Abyss:4)
  Nessos (Lair:6)
  A white draconian (IceCv)
  A catoblepas (Lair:3)
  3 hydras
  Erica (Lair:2)
  A two-headed ogre (D:11)
  Pikel (D:7)
  An ugly thing (D:11)
  An oklob plant (Lair:2)
  A cyclops (D:11)
  2 black mambas (Lair:4)
  7 elephants
  Joseph (D:7)
  An ice statue (IceCv)
  A smoke demon (Abyss:4)
  10 spiny frogs
  A gargoyle (Volcano)
  4 komodo dragons
  5 rime drakes (Lair:6)
  16 polar bears
  8 hippogriffs
  3 raiju (Abyss:4)
  8 blink frogs (Lair:6)
  2 dream sheep (D:9)
  2 large abominations (Abyss:4)
  A ynoxinul (Abyss:4)
  38 yaks
  A wyvern (Lair:6)
  3 basilisks
  A hungry ghost (D:8)
  A spatial vortex (Abyss:4)
  3 nagas (Lair:2)
  7 water moccasins
  9 porcupines
  3 ice beasts
  2 orc warriors
  2 phantoms
  A hornet zombie (D:9)
  A sky beast (D:9)
  4 ogres
  2 black bears
  5 wolves (IceCv)
  8 centaurs
  10 crocodiles
  10 bullfrogs
  4 big kobolds
  2 earth elementals (Volcano)
  4 scorpions
  2 electric eels
  A howler monkey (D:9)
  3 wights (D:11)
  2 crimson imps (D:6)
  2 centaur zombies
  3 bullfrog zombies
  5 orc priests
  Crazy Yiuf (D:6)
  5 hounds
  3 jellies
  6 orc wizards
  A bullfrog skeleton (D:7)
  A gnoll shaman (D:8)
  Terence (D:3)
  3 iguanas
  6 hell rats (Lair:4)
  10 worker ants
  2 worker ant zombies
  6 gnolls
  A howler monkey skeleton (D:7)
  4 adders
  2 shadow imps (D:9)
  An ooze (D:4)
  An adder skeleton (D:9)
  3 adder zombies
  5 worms
  8 leopard geckos
  29 orcs
  5 giant cockroaches
  5 goblins
  6 hobgoblins
  7 jackals
  6 quokkas
  4 ball pythons
  7 bats
  A frilled lizard (D:5)
  11 kobolds
  A quokka skeleton (D:6)
  5 rats
  5 fungi
  3 plants
  2 starspawn tentacles (Abyss:4)
391 creatures vanquished.

Vanquished Creatures (others)
  A sky beast (D:7)
  3 slaves (D:7)
  A bullfrog (D:7)
  A scorpion (D:7)
  A crimson imp (D:7)
  An orc wizard (D:4)
  An adder (D:7)
  A kobold (D:11)
  4 bushes (D:7)
  6 fungi
  6 plants
  4 starspawn tentacles (Abyss:4)
30 creatures vanquished.

Grand Total: 421 creatures vanquished

Notes
Turn   | Place    | Note
-------+----------+-------------------------------------------
     0 | D:1      | MTVSty1e the Gargoyle Fighter began the quest for the Orb.
     0 | D:1      | Reached XP level 1. HP: 14/14 MP: 1/1
    88 | D:1      | Reached skill level 2 in Axes
   154 | D:1      | Reached XP level 2. HP: 18/19 MP: 2/2
   508 | D:1      | Reached skill level 3 in Axes
   655 | D:1      | Reached XP level 3. HP: 7/23 MP: 3/3
   890 | D:2      | Reached XP level 4. HP: 17/28 MP: 4/4
  1134 | D:2      | Reached skill level 4 in Axes
  1234 | D:2      | Found a burning altar of Makhleb.
  1236 | D:2      | Found a glowing silver altar of Zin.
  1236 | D:2      | Noticed an angel
  1237 | D:2      | Noticed a cacodemon
  1296 | D:2      | Found a stormy altar of Qazlal.
  1994 | D:3      | Noticed Terence
  2041 | D:3      | Killed Terence
  2041 | D:3      | Reached XP level 5. HP: 32/32 MP: 5/5
  2166 | D:3      | Found a white marble altar of Elyvilon.
  2534 | D:4      | Noticed an ogre
  2555 | D:3      | Reached skill level 5 in Axes
  2596 | D:3      | Killed an ogre
  2596 | D:3      | Reached XP level 6. HP: 6/37 MP: 6/6
  2914 | D:4      | Reached skill level 6 in Axes
  3013 | D:4      | Reached XP level 7. HP: 8/41 MP: 7/7
  3329 | D:4      | Found an opulent altar of Gozag.
  3444 | D:4      | Reached skill level 7 in Axes
  3449 | D:4      | Found a staircase to the Ecumenical Temple.
  3469 | Temple   | Entered the Ecumenical Temple
  3499 | Temple   | Became a worshipper of Warmaster Okawaru
  3711 | D:5      | Entered Level 5 of the Dungeon
  4271 | D:5      | Found a basalt altar of Yredelemnul.
  4349 | D:5      | Reached skill level 8 in Axes
  4607 | D:5      | Reached XP level 8. HP: 46/46 MP: 8/8
  4882 | D:6      | Found a transporter.
  4907 | D:6      | Reached * piety under Okawaru
  4943 | D:6      | Reached skill level 9 in Axes
  5069 | D:6      | Found a blossoming altar of Fedhas.
  5134 | D:6      | Found a deep blue altar of Sif Muna.
  5321 | D:6      | Found a transporter.
  5409 | D:6      | Found a runed door.
  5630 | D:6      | Reached ** piety under Okawaru
  5630 | D:6      | Reached skill level 10 in Axes
  5729 | D:6      | Found the ring of Robustness {AC+8}
  5994 | D:6      | Reached XP level 9. HP: 18/51 MP: 9/9
  6371 | D:6      | Noticed Crazy Yiuf
  6383 | D:6      | Killed Crazy Yiuf
  6465 | D:7      | Found an ornate altar of the Wu Jian Council.
  6484 | D:7      | Noticed Pikel
  6533 | D:7      | Killed Pikel
  6533 | D:7      | Reached *** piety under Okawaru
  6533 | D:7      | Reached skill level 11 in Axes
  7030 | D:7      | Noticed Joseph
  7074 | D:7      | Killed Joseph
  7670 | D:8      | Reached XP level 10. HP: 58/58 MP: 10/10
  7850 | D:8      | Reached **** piety under Okawaru
  8454 | D:9      | Reached skill level 12 in Axes
  8506 | D:9      | Found a runed door.
  8514 | D:9      | Reached skill level 5 in Fighting
  8514 | D:9      | Reached skill level 5 in Shields
  8520 | D:9      | Reached skill level 5 in Armour
  8805 | D:9      | Found a staircase to the Lair.
  8859 | D:9      | Found a shimmering altar of Xom.
  9094 | D:9      | Reached ***** piety under Okawaru
  9139 | D:9      | Noticed a three-headed hydra
  9158 | D:9      | Killed a one-headed hydra
  9158 | D:9      | Received a gift from Okawaru
  9174 | D:9      | Got a steaming rapier {god gift}
  9175 | D:9      | Identified the +0 rapier of the Coin {vamp, *Contam rN+ Str+3 Int+4} (Okawaru gifted it to you on level 9 of the Dungeon)
  9306 | D:10     | Entered Level 10 of the Dungeon
  9624 | D:10     | Reached XP level 11. HP: 64/64 MP: 11/11
  9784 | D:10     | Found a staircase to the Orcish Mines.
  9943 | D:11     | Noticed a purple ugly thing
  9952 | D:11     | Killed a purple ugly thing
 10005 | D:11     | Noticed a cyclops
 10015 | D:11     | Killed a cyclops
 10379 | D:11     | Noticed a two-headed ogre
 10388 | D:11     | Killed a two-headed ogre
 10388 | D:11     | Reached skill level 13 in Axes
 10450 | Lair:1   | Entered Level 1 of the Lair of Beasts
 10560 | Lair:1   | Found a dark tunnel.
 10681 | Volcano  | Entered a volcano
 11398 | Lair:2   | Noticed Erica
 11437 | Lair:2   | Killed Erica
 11815 | Lair:2   | Found a staircase to the Snake Pit.
 12192 | Lair:2   | Received a gift from Okawaru
 12311 | Lair:2   | Noticed an oklob plant
 12318 | Lair:2   | Killed an oklob plant
 12819 | Lair:3   | Reached XP level 12. HP: 72/73 MP: 4/12
 12867 | Lair:3   | Reached skill level 1 in Dodging
 12923 | Lair:3   | Noticed a catoblepas
 12943 | Lair:3   | Killed a catoblepas
 13116 | Lair:3   | Found a staircase to the Shoals.
 13770 | Lair:4   | Reached skill level 14 in Axes
 14116 | Lair:4   | Received a gift from Okawaru
 14815 | Lair:5   | Reached ****** piety under Okawaru
 14847 | Lair:5   | Found a runed door.
 14906 | Lair:5   | Received a gift from Okawaru
 14937 | Lair:5   | Found a viscous altar of Jiyva.
 15520 | Lair:5   | Found a staircase to the Slime Pits.
 15520 | Lair:5   | Noticed an azure jelly
 15541 | Lair:6   | Entered Level 6 of the Lair of Beasts
 15582 | Lair:6   | Found a frozen archway.
 15597 | IceCv    | Entered an ice cave
 15610 | IceCv    | Reached XP level 13. HP: 64/80 MP: 13/13
 15792 | IceCv    | Received a gift from Okawaru
 16143 | IceCv    | Noticed a white draconian
 16162 | IceCv    | Killed a white draconian
 16162 | IceCv    | Reached skill level 15 in Axes
 16426 | Lair:6   | Reached skill level 10 in Armour
 16448 | Lair:6   | Reached skill level 10 in Fighting
 16509 | Lair:6   | Reached skill level 5 in Dodging
 16566 | Lair:6   | Noticed Nessos
 16574 | Lair:6   | Killed Nessos
 17410 | Lair:6   | Cast into level 2 of the Abyss (a wizard)
 17410 | Abyss:2  | Found a corrupted altar of Lugonu.
 17447 | Abyss:3  | Noticed a bone dragon
 17469 | Abyss:3  | Found a corrupted altar of Lugonu.
 17491 | Abyss:4  | Noticed a tentacled starspawn
 17510 | Abyss:4  | Killed a tentacled starspawn
 17510 | Abyss:4  | Received a gift from Okawaru
 17510 | Abyss:4  | Gained mutation: Your large and strong wings let you fly indefinitely. [Gargoyle growth]
 17510 | Abyss:4  | Reached XP level 14. HP: 74/88 MP: 14/14
 17634 | Abyss:4  | Noticed a starcursed mass
 17649 | Abyss:4  | HP: 9/198 [starcursed mass (8)]
 17649 | Abyss:4  | Killed from afar by a green death

Skill      XL: |  1  2  3  4  5  6  7  8  9 10 11 12 13 |
---------------+----------------------------------------+-----
Axes           | 2 3 4 5 6 8 10 11 12 13 14 15 | 15.7
Fighting       | 4 6 7 9 10 | 10.7
Armour         | 4 6 7 9 10 | 10.8
Shields        | 4 6 7 |  7.6
Dodging        | 3 5 |  5.8

Action                   |  1- 3 |  4- 6 |  7- 9 | 10-12 | 13-15 || total
-------------------------+-------+-------+-------+-------+-------++-------
Melee: War axe           |    68 |   231 |   154 |       |       ||   453
       Broad axe         |       |       |    68 |   587 |   337 ||   992
       Hand axe          |       |       |   453 |    44 |       ||   497
       Falchion          |       |       |       |    22 |       ||    22
       Executioner's axe |       |       |       |   106 |       ||   106
       Scimitar          |       |       |       |       |     7 ||     7
Invok: Heroism           |       |       |       |     3 |     1 ||     4
Evoke: Wand              |       |       |       |     5 |       ||     5
  Use: Potion            |     1 |     1 |       |       |     5 ||     7
       Scroll            |       |     6 |     6 |    13 |     7 ||    32
  Eat: Chunk             |       |     2 |     3 |       |     2 ||     7
       Ration            |       |     2 |     7 |     8 |     1 ||    18
Armor: Scale mail        |    38 |    43 |       |       |       ||    81
       Plate armour      |       |    86 |   282 |   420 |   232 ||  1020
       Skin              |       |     9 |       |       |    11 ||    20
Dodge: Dodged            |    20 |    36 |    57 |   122 |   100 ||   335
Block: Shield            |    38 |   148 |   419 |   479 |   356 ||  1440
       Reflection        |       |       |     7 |    15 |     4 ||    26
       Other             |       |       |       |    45 |       ||    45
       Rpst.: Falchion   |       |       |       |     1 |       ||     1
       Scimitar          |       |       |       |       |     1 ||     1
